 Dungeon Crawl Stone Soup version 0.31.0-32-g396128a36d (webtiles) character file.

Game seed: 17469069287216874501

21 monsoonserge the Trooper (level 2, 0/21 HPs)
             Began as an Octopode Cinder Acolyte on Mar 21, 2024.
             Was a High Priest of Ignis.
             Succumbed to an adder's poison
             ... on level 2 of the Dungeon.
             The game lasted 00:00:34 (193 turns).

monsoonserge the Trooper (Octopode Cinder Acolyte)   Turns: 193, Time: 00:00:35

Health: 0/21       AC:  1    Str: 13    XL:     2   Next: 83%
Magic:  3/3        EV: 12    Int: 16    God:    Ignis [*****.]
Gold:   2          SH:  0    Dex:  7    Spells: 1/3 levels left

rFire   + . .        a - -1 mace (flame)
rCold   . . .        (no shield)
rNeg    . . .        (helmet restricted)
rPois   .            (no amulet)
rElec   .            (no ring)
rCorr   .            (no ring)
SInv    .            (no ring)
Will    .....        (no ring)
Stlth   ++           (no ring)
HPRegen 0.23/turn    (no ring)
MPRegen 0.08/turn    (no ring)
                     (no ring)

%: no passive effects
@: lethally poisoned (0 -> -7)
A: almost no armour, amphibious, 8 rings, camouflage 1, gelatinous body 1,
(nimble swimmer 1), tentacles
a: Renounce Religion, Fiery Armour, Foxfire Swarm, Rising Flame


You were on level 2 of the Dungeon.
You worshipped Ignis.
Ignis was extremely pleased with you.
You visited 1 branch of the dungeon, and saw 2 of its levels.

You collected 2 gold pieces.

Inventory:

Hand Weapons
 a - a -1 mace of flaming (weapon)


   Skills:
 + Level 3.4 Fighting
 + Level 3.3 Maces & Flails
 + Level 1.1 Spellcasting
 + Level 3.1 Fire Magic


You had one spell level left.
You knew the following spells:

 Your Spells              Type           Power      Damage    Failure   Level
a - Scorch                Fire           22%        2d5       10%         2

Your spell library contained the following spells:

 Spells                   Type           Power      Damage    Failure   Level


Dungeon Overview and Level Annotations

Branches:
Dungeon (1/15)

Altars:


Innate Abilities, Weirdness & Mutations

You cannot wear most types of armour.
You are amphibious.
You can wear up to eight rings at the same time.
Your skin changes colour to match your surroundings (Stealth+).
Your rubbery body absorbs attacks. (AC +1, EV +1)
((You are camouflaged when in or above water. (Stealth+)))
You have tentacles for arms and can constrict up to eight enemies at once.


Message History

You now have 2 gold pieces.
Things that are here:
a +0 mace; a hobgoblin corpse You start resting.
HP restored.
You see here a +0 dagger.
An adder comes into view.
Found a gold piece.
The helpless adder fails to defend itself.
You hit the adder. You burn the adder. Your grab misses the adder.
You squeeze the adder.
The adder is moderately wounded.
The adder closely misses you. The adder bites you.
You barely miss the adder. Your grab misses the adder.
Your squeeze misses the adder.
The adder is moderately wounded.
The adder bites you.
You are poisoned.
The adder poisons you!
You hit the adder. You burn the adder. Your grab misses the adder.
The adder is severely wounded.
You feel sick. The adder bites you. The adder barely misses you.
You barely miss the adder. Your grab misses the adder.
The adder is severely wounded.
You feel sick. The adder closely misses you. The adder bites you.
* * * LOW HITPOINT WARNING * * *
You closely miss the adder. Your grab misses the adder.
The adder is severely wounded.
* * * LOW HITPOINT WARNING * * *
You feel sick. The adder bites you.
* * * LOW HITPOINT WARNING * * *
You are more poisoned.
The adder poisons you!
You aren't carrying any potions.
You hit the adder. You burn the adder. You grab the adder.
Your squeeze misses the adder.
The adder is almost dead.
You constrict the adder.
You kill the adder!
You die...

### ... #.# #
#.##.###.###########
#..........@.......#####
# #.#
.###.#†####........#
#.##.##.# ...
#.##.###.##
#.......###..$
#.##......####
####..........
#.####........
###.########. #.#
#.#.....# #...# #. #.#
#.#..##.# #.### #. #..
.....##.# #.# ##+## ###
##.#...#.#


There were no monsters in sight!

Vanquished Creatures
  2 adders (D:2)
  A dart slug (D:2)
  A ribbon worm (D:2)
  A hobgoblin (D:2)
  3 jackals (D:2)
8 creatures vanquished.

Notes
Turn   | Place    | Note
-------+----------+-------------------------------------------
     0 | D:1      | monsoonserge the Octopode Cinder Acolyte began the quest
                  | for the Orb.
     0 | D:1      | Reached XP level 1. HP: 16/16 MP: 2/2
     3 | D:1      | You fall into a shaft and drop 1 floor!
    36 | D:2      | Reached XP level 2. HP: 9/21 MP: 3/3
    40 | D:2      | Learned a level 2 spell: Scorch
   192 | D:2      | HP: 1/21 [adder (2)]
   193 | D:2      | Succumbed to an adder's poison

Illustrated notes

Levels and vault maps discovered:
D:1:      saegor_arrival_fortress, layout_basic, minmay_heptomino_o4
D:2:      layout_loops_corners, basic_altar, columned_hall_lemuel

Action                     || total
---------------------------++-------
  Melee: Mace              ||    26
         Constrict         ||     6
         Tentacles         ||     4
   Stab: Sleeping          ||     1
 Armour: Skin              ||    16
  Dodge: Dodged            ||    15
